 Dungeon Crawl Stone Soup version 0.31-a0-261-g072fdb8a1f (webtiles) character file.

Game seed: 7844734340012332913

70 qw the Shooter (level 4, -5/26 HPs)
             Began as a Gargoyle Hexslinger on July 13, 2023.
             Slain by a gnoll
             ... wielding a +0 spear
              (6 damage)
             ... on level 3 of the Dungeon.
             The game lasted 00:00:39 (1260 turns).

qw the Shooter (Gargoyle Hexslinger)                Turns: 1260, Time: 00:00:39

Health: -5/26      AC:  8    Str:  9    XL:     4   Next: 22%
Magic:  5/5        EV: 10    Int: 12    God:
Gold:   110        SH:  0    Dex: 20    Spells: 4/5 levels left

rFire   . . .        Y - +1 sling
rCold   . . .        (no shield)
rNeg    + . .        h - +0 ring mail
rPois   inf          (no helmet)
rElec   +            (no cloak)
rCorr   .            (no gloves)
SInv    .            (no boots)
Will    ++...        (no amulet)
Stlth   ++           l - ring of willpower
HPRegen 0.24/turn    (no ring)
MPRegen 0.09/turn

%: no passive effects
@: no status effects
A: sickness immunity, AC +3, negative energy resistance 1, electricity
resistance, torment resistance 1, petrification resistance, thin skeletal
structure 1, agile 1, strong-willed 1, weak 1
a: no special abilities


You were on level 3 of the Dungeon.
You visited 1 branch of the dungeon, and saw 3 of its levels.

You collected 110 gold pieces.


Innate Abilities, Weirdness & Mutations

You are immune to sickness and miasma.
Your stone body is resilient. (AC +3)
You are immune to poison.
You resist negative energy. (rN+)
You are resistant to electric shocks. (rElec)
You are resistant to unholy torment.
You are immune to petrification.
You have a somewhat thin skeletal structure. (Dex +2, Stealth+)
You are agile. (Dex +4, Str/Int -1)
You are strong-willed. (Will+)
You are weak. (Str -2)


   Skills:
 - Level 2.0 Fighting
 - Level 4.0 Ranged Weapons
 + Level 0.3 Armour
 - Level 1.5 Dodging
 - Level 1.0 Spellcasting
 - Level 2.6 Hexes


You had 4 spell levels left.
You knew the following spells:

 Your Spells              Type           Power      Damage    Failure   Level
a - Slow                  Hex            28%        N/A       28%         1

Your spell library contained the following spells:

 Spells                   Type           Power      Damage    Failure   Level
 Inner Flame              Hex/Fire       3%         N/A       82%         3
 Portal Projectile        Hex/Tloc       6%         N/A       82%         3
 Cause Fear               Hex            3%         N/A       95%         4

Inventory:

Hand Weapons
 Y - a +1 sling (weapon)
Armour
 h - a +0 ring mail (worn)
Jewellery
 l - a ring of willpower (left hand)
Scrolls
 b - a scroll of identify
 c - a scroll of enchant armour
 d - a scroll of enchant weapon {unknown}
Potions
 a - 2 potions of mutation
 f - a potion of might {unknown}
 i - a potion of curing {unknown}

Dungeon Overview and Level Annotations

Branches:
Dungeon (3/15)

Altars:

Annotations:
D:3 Robin


Message History

The goblin completely misses you.
You shoot a sling bullet. The sling bullet hits the goblin.
The goblin is severely wounded.
A goblin comes into view. It is wielding a +0 dagger.
The goblin hits you with a +0 dagger.
The quokka twitches its whiskers.
You shoot a sling bullet. The sling bullet hits the goblin.
You kill the goblin!
Robin says, "My army is invincible!"
An endoplasm comes into view.
The hobgoblin hits you but does no damage.
The gnoll hits you from afar with a +0 spear.
A gnoll comes into view. It is wielding a +0 club.
Robin closely misses you.
The hobgoblin hits you but does no damage.
The gnoll barely misses you.
You shoot a sling bullet. The sling bullet barely misses Robin.
The sling bullet hits the gnoll.
The gnoll is heavily wounded.
The gnoll hits you from afar with a +4 spear.
The gnoll hits you but does no damage. Robin closely misses you.
The hobgoblin hits you but does no damage.
You shoot a sling bullet. The sling bullet hits Robin.
Robin is lightly wounded.
The gnoll barely misses you. The gnoll hits you but does no damage.
Robin hits you but does no damage. The hobgoblin barely misses you.
You shoot a sling bullet. The sling bullet hits Robin.
Robin is heavily wounded.
Robin closely misses you. The gnoll hits you but does no damage.
The hobgoblin completely misses you.
The gnoll hits you from afar with a +0 spear.
The gnoll closely misses you. Robin hits you with a +0 whip.
The hobgoblin hits you but does no damage.
The gnoll hits you from afar with a +4 spear.
You shoot a sling bullet. The sling bullet hits Robin.
Robin is almost dead.
Robin barely misses you.
The gnoll hits you from afar with a +4 spear.
The gnoll hits you from afar with a +0 spear.
You die...

.##. #........#
....#####.%#######
#........#
###......#
#........#
#.#......# ..
#......# ..
###)#### #@#


#gggg# #grg.# #gg..# .J)%.# .)$..# .....# ....).. You could see Robin, 3 gnolls,
an endoplasm, a quokka, 2 hobgoblins and 2 goblins.

Vanquished Creatures
  2 adders
  5 endoplasms
  3 giant cockroaches
  9 goblins
  3 hobgoblins
  2 jackals (D:1)
  7 kobolds
  2 quokkas (D:1)
  5 ball pythons
  2 bats (D:1)
  2 frilled lizards
  6 rats
48 creatures vanquished.

Notes
Turn   | Place    | Note
-------+----------+-------------------------------------------
     0 | D:1      | qw the Gargoyle Hexslinger began the quest for the Orb.
     0 | D:1      | Reached XP level 1. HP: 12/12 MP: 2/2
     0 | D:1      | 0 ||| qw: Version: 0.3-a-52-g30416fa
     0 | D:1      | 0 ||| qw: Game counter: 6998
     0 | D:1      | 0 ||| qw: Melee chars always use a shield: true
     0 | D:1      | 0 ||| qw: God list: Okawaru
     0 | D:1      | 0 ||| qw: Allow faded altars: false
     0 | D:1      | 0 ||| qw: Do Orc after clearing Dungeon:15 true
     0 | D:1      | 0 ||| qw: Do second Lair branch before Depths: true
     0 | D:1      | 0 ||| qw: Lair rune preference: random
     0 | D:1      | 0 ||| qw: Goals: Normal
     0 | D:1      | 0 ||| PLANNING D:1-11
    98 | D:1      | Reached XP level 2. HP: 16/16 MP: 3/3
   142 | D:1      | Reached skill level 3 in Ranged Weapons
   469 | D:1      | Reached XP level 3. HP: 21/21 MP: 4/4
   725 | D:1      | 725 ||| UPGRADING to +0 ring mail.
   735 | D:1      | 735 ||| DROPPING +0 robe.
   736 | D:1      | 736 ||| UPGRADING to ring of willpower.
   737 | D:1      | 737 ||| READING scroll labelled FUMIZO ATUOV.
   738 | D:1      | 738 ||| READING scroll labelled CAOKHL VOIKUZE.
   742 | D:1      | 742 ||| READING scroll labelled WUAXUEC WI XEGY.
   743 | D:1      | 743 ||| READING scroll labelled TAMOROO POROT.
   744 | D:1      | 744 ||| READING scroll labelled FOWORE ITYBLYA.
   745 | D:1      | 745 ||| DROPPING scroll of poison.
  1178 | D:2      | 1178 ||| DRINKING 3 dark potions.
  1178 | D:2      | Gained mutation: You have a somewhat thin skeletal
                  | structure. (Dex +2, Stealth+) [potion of mutation]
  1178 | D:2      | Gained mutation: You are weak. (Str -2) [potion of
                  | mutation]
  1178 | D:2      | Gained mutation: You are strong-willed. (Will+) [potion of
                  | mutation]
  1178 | D:2      | Gained mutation: You are agile. (Dex +4, Str/Int -1)
                  | [potion of mutation]
  1230 | D:3      | Reached XP level 4. HP: 25/26 MP: 5/5
  1250 | D:3      | Reached skill level 4 in Ranged Weapons
  1250 | D:3      | Noticed Robin
  1259 | D:3      | HP: 4/26 [gnoll/+4 spear (5)]
  1260 | D:3      | HP: 1/26 [gnoll/+4 spear (3)]
  1260 | D:3      | Slain by a gnoll

Levels and vault maps discovered:
D:1:      lightli_arrival_chessboard, layout_loops_ring
D:2:      layout_basic
D:3:      layout_rooms, serial_shops, nicolae_shop_industrial_runoff,
          minmay_statues_item, st_stairs_3, uniq_robin, uniq_ijyb, uniq_sigmund,
          uniq_jessica

Skill      XL: |  1  2  3  4 |
---------------+-------------+-----
Ranged Weapons | 3 4 |  4.0
Fighting       | 2 |  2.0
Armour         | |  0.3
Dodging        | |  1.5
Spellcasting   | |  1.0
Hexes          | |  2.6

Action                     |  1- 3 |  4- 6 || total
---------------------------+-------+-------++-------
   Fire: Sling             |   156 |    16 ||   172
    Use: Scroll            |     5 |       ||     5
         Potion            |     1 |       ||     1
 Armour: Robe              |    10 |       ||    10
         Ring mail         |    25 |     8 ||    33
  Dodge: Dodged            |    56 |    11 ||    67

Table legend:
 A = Non-vault XP
 B = Vault XP
 C = Vault XP percentage of total XP
 D = Non-vault monster count
 E = Vault monster count
 F = Vault count percentage of total count
                 A         B        C        D         E       F
            +---------+---------+-------+---------+---------+-------
      Total |      89 |      12 |  11.9 |      42 |       6 |  12.5
            +---------+---------+-------+---------+---------+-------
        D:1 |      40 |       0 |   0.0 |      25 |       0 |   0.0
        D:2 |      33 |       0 |   0.0 |      14 |       0 |   0.0
        D:3 |      16 |      12 |  42.9 |       3 |       6 |  66.7
            +---------+---------+-------+---------+---------+-------
